 Dungeon Crawl Stone Soup version 0.22.1-1-ga44c0e56f4 (webtiles) character file.

198 JOKERXD40 the Chopper (level 5, 0/47 HPs)
             Began as a Hill Orc Monk on Nov 10, 2018.
             Slain by Natasha (5 damage)
             ... on level 3 of the Dungeon.
             The game lasted 00:04:43 (2452 turns).

JOKERXD40 the Chopper (Hill Orc Monk)               Turns: 2452, Time: 00:04:44

Health: 0/47       AC:  8    Str: 15    XL:     5   Next: 76%
Magic:  5/5        EV:  7    Int: 10    God:
Gold:   127        SH:  0    Dex: 13    Spells: 4/4 levels left

rFire    . . .     SeeInvis .   a - +0 hand axe
rCold    . . .     Gourm    .   (no shield)
rNeg     . . .     Faith    .   g - +0 chain mail
rPois    .         Spirit   .   (no helmet)
rElec    .         Reflect  .   (no cloak)
rCorr    .         Harm     .   (no gloves)
MR       .....                  (no boots)
Stlth    ..........             (no amulet)
HPRegen  0.15/turn              (no ring)
MPRegen  0.09/turn              (no ring)

@: slowed, very slow
A: no striking features
a: no special abilities


You were on level 3 of the Dungeon.
You were very hungry.

You visited 1 branch of the dungeon, and saw 3 of its levels.

You collected 127 gold pieces.

Inventory:

Hand Weapons
 a - a +0 hand axe (weapon)
Missiles
 m - 3 javelins (quivered)
Armour
 g - a +0 chain mail (worn)
Scrolls
 b - 3 scrolls of identify {unknown}
 f - 3 scrolls of teleportation {unknown}
 h - a scroll of fear {unknown}
 i - 2 scrolls of remove curse {unknown}
 j - a scroll of magic mapping {unknown}
Potions
 d - 5 potions of curing {unknown}
 e - 3 potions of degeneration {unknown}
 k - 2 potions of heal wounds {unknown}
 l - a potion of brilliance {unknown}
Comestibles
 c - 7 rations


   Skills:
 + Level 4.6 Fighting
 + Level 6.0 Axes
 + Level 2.4 Armour
 + Level 3.0 Dodging
 + Level 1.8 Stealth


You had 4 spell levels left.
You didn't know any spells.
Your spell library contained the following spells:

 Spells                   Type           Power        Failure   Level  Hunger
 Confusing Touch          Hex            #.....       100%        1    ##.....
 Magic Dart               Conj           #...         100%        1    ##.....
 Blink                    Tloc           N/A          100%        2    ###....
 Call Imp                 Summ           #.......     100%        2    ###....
 Slow                     Hex            #.......     100%        2    ###....
 Confuse                  Hex            #.......     100%        3    ####...
 Conjure Flame            Conj/Fire      #.......     100%        3    ####...
 Gell's Gravitas          Tloc           #.........   100%        3    ####...
 Mephitic Cloud           Conj/Pois/Air  #.......     100%        3    ####...
 Petrify                  Tmut/Erth      #.......     100%        4    #####..
 Metabolic Englaciation   Hex/Ice        #.........   100%        5    ######.
 Yara's Violent Unravell  Hex/Tmut       #.........   100%        5    ######.


Dungeon Overview and Level Annotations

Branches:
Dungeon (3/15)

Altars:

Annotations:
D:3 Natasha


Message History

Natasha claws you.
* * * LOW HITPOINT WARNING * * *
The shadow imp hits you but does no damage.
You miss Natasha. You hit the shadow imp.
Natasha casts a spell.
The shadow imp closely misses you. Natasha claws you.
* * * LOW HITPOINT WARNING * * *
The shadow imp hits you.
* * * LOW HITPOINT WARNING * * *
You closely miss Natasha.
You hit the shadow imp but do no damage.
Natasha completely misses you. The shadow imp hits you.
* * * LOW HITPOINT WARNING * * *
You closely miss Natasha.
You hit the shadow imp but do no damage.
Natasha casts a spell at you. The magic dart hits you!
The shadow imp hits you but does no damage.
Natasha claws you.
You die...

.#######.........# # ..
#.........# # ...
#####....##### ....
#....+..#. ....######
#....##.## .........#
#....##.#. .........#
#.#####.#.
......5..######.#####.#รท
...(..h@()...##.....#.#.
......5..###.######.#.'.
.........# #....# #.###)
.........# ####.###.....
.........# #.#.......
.......... #.#.#.....
.......... #.#.#.....
##......... #.#.#.....
#.#.#.....


You could see Natasha, a white imp and a shadow imp.

Vanquished Creatures
  A scorpion (D:3)
  Natasha (D:3)
  3 adders
  3 gnolls (D:2)
  2 dart slugs
  2 leopard geckos
  2 orcs (D:3)
  7 bats
  2 giant cockroaches
  5 goblins
  9 hobgoblins
  8 jackals
  4 quokkas
  A ball python (D:3)
  2 frilled lizards (D:2)
  6 kobolds
  6 rats
64 creatures vanquished.

Notes
Turn   | Place    | Note
-------+----------+-------------------------------------------
     0 | D:1      | JOKERXD40 the Hill Orc Monk began the quest for the Orb.
     0 | D:1      | Reached XP level 1. HP: 19/19 MP: 1/1
   227 | D:1      | Reached XP level 2. HP: 27/27 MP: 2/2
  1039 | D:2      | Reached XP level 3. HP: 33/33 MP: 3/3
  1228 | D:2      | Reached skill level 1 in Armour
  1228 | D:2      | Reached XP level 4. HP: 16/40 MP: 4/4
  1575 | D:2      | Reached skill level 5 in Axes
  2262 | D:3      | Reached XP level 5. HP: 46/47 MP: 5/5
  2424 | D:3      | Noticed Natasha
  2438 | D:3      | Killed Natasha
  2438 | D:3      | Reached skill level 6 in Axes
  2446 | D:3      | Noticed Natasha
  2452 | D:3      | Slain by Natasha

Skill      XL: |  1  2  3  4  5 |
---------------+----------------+-----
Fighting       | 4 |  4.6
Armour         | 1 2 |  2.4
Axes           | 5 6 |  6.0
Dodging        | 3 |  3.0
Stealth        | |  1.8

Action                   |  1- 3 |  4- 6 || total
-------------------------+-------+-------++-------
Melee: Hand axe          |    80 |   147 ||   227
Throw: Javelin           |       |     3 ||     3
 Stab: Sleeping          |     2 |       ||     2
  Eat: Chunk             |     1 |     3 ||     4
Armor: Robe              |     1 |       ||     1
       Chain mail        |    30 |    82 ||   112
Dodge: Dodged            |    36 |    66 ||   102
